Construct Weapon Support Center
Selects Special Operations Battlegroup
Selects M29 Weasel Recon Vehicle
Construct Weapon Support Center
Selects SSF Commando Squad
M1918 Browning Automatic Rifles
Selects P-47 Anti-Infantry Loiter
M18 Hellcat Tank Destroyer
P-47 Anti-Infantry Loiter
Construct Medical Station
P-47 Anti-Infantry Loiter
Selects UNKNOWN (2162291)
Selects Air Re-supply Operation
M18 Hellcat Tank Destroyer
P-47 Anti-Infantry Loiter
Improved M9 Bazooka Rockets
Advanced Air Reconnaissance
P-47 Anti-Infantry Loiter
Grasshopper High-Altitude Recon Run
P-47 Anti-Infantry Loiter
Grasshopper High-Altitude Recon Run